 Dungeon Crawl Stone Soup version 0.29-a0-297-g7659ce593d (webtiles) character file.

Game seed: 17808574330353366942

86 Dabor the Insei (level 4, 0/23 HPs)
             Began as a Vine Stalker Transmuter on Mar 22, 2022.
             Slain by a gnoll
             ... wielding a +0 flail
              (8 damage)
             ... on level 3 of the Dungeon.
             The game lasted 00:06:31 (2991 turns).

Dabor the Insei (Vine Stalker Transmuter)           Turns: 2991, Time: 00:06:32

Health: 0/23       AC:  4    Str: 14    XL:     4   Next: 50%
Magic:  0/9        EV: 11    Int: 13    God:
Gold:   125        SH:  0    Dex: 15    Spells: 7/8 levels left

rFire   . . .      SeeInvis .     - Unarmed
rCold   . . .      Faith    .   (no shield)
rNeg    . . .      Spirit   +   a - +0 robe
rPois   .          Reflect  .   (no helmet)
rElec   .          Harm     .   (no cloak)
rCorr   .          Rampage  .   g - +0 pair of gloves
Will    .....                   e - +0 pair of boots
Stlth   +.........              c - amulet of the acrobat
HPRegen 0.87/turn               (no ring)
MPRegen 0.11/turn               (no ring)

@: no status effects
A: fangs 2, regeneration 1, magic shield, antimagic bite, no potion heal 2
a: no special abilities


You were on level 3 of the Dungeon.
You visited 1 branch of the dungeon, and saw 3 of its levels.

You collected 125 gold pieces.

Inventory:

Armour
 a - a +0 robe (worn)
 e - a +0 pair of boots (worn)
 g - a +0 pair of gloves (worn)
Jewellery
 c - an amulet of the acrobat (around neck)
 j - an amulet of regeneration
Wands
 m - a wand of digging (6)
Scrolls
 d - a scroll of vulnerability {unknown}
 i - 3 scrolls of identify {unknown}
 k - a scroll of blinking {unknown}
Potions
 b - a potion of lignification
 f - 3 potions of curing {unknown}
 h - a potion of mutation {unknown}
 l - a potion of ambrosia {unknown}


   Skills:
 + Level 1.7(0.8) Fighting
 + Level 2.1(1.0) Dodging
 + Level 3.5(1.7) Unarmed Combat
 + Level 2.8(1.4) Spellcasting
 + Level 2.7(1.3) Transmutations


You had 7 spell levels left.
You knew the following spells:

 Your Spells              Type           Power      Damage    Failure   Level
a - Beastly Appendage     Tmut           8%         N/A       16%         1

Your spell library contained the following spells:

 Spells                   Type           Power      Damage    Failure   Level
 Wereblood                Tmut           4%         N/A       24%         2
 Foxfire                  Conj/Fire      0%         2x1d4     26%         1
 Scorch                   Fire           0%         2d5       38%         2
 Spider Form              Tmut/Pois      2%         N/A       52%         3
 Conjure Flame            Conj/Fire      0%         6-21      63%         3
 Inner Flame              Hex/Fire       0%         N/A       63%         3
 Ice Form                 Ice/Tmut       2%         N/A       90%         4
 Flame Wave               Conj/Fire      0%         2d4       95%         4
 Summon Cactus Giant      Summ           0%         N/A       100%        6


Dungeon Overview and Level Annotations

Branches:
Dungeon (3/15)

Altars:
Ashenzari


Innate Abilities, Weirdness & Mutations

You have extremely sharp teeth.
Your natural rate of healing is unusually fast.
When hurt, damage is shared between your health and your magic reserves.
Your bite disrupts and absorbs the magic of your enemies.
Potions cannot restore your health.


Message History

Nothing appears to happen.
The goblin hits you with a +0 club.
Casting: Beastly Appendage (safe; 16% risk of failure)
Confirm with . or Enter, or press ? or * to list all spells.
You don't know that spell.
You grow a pair of large bovine horns.
Your feet morph into talons.
Your +0 pair of boots melds into your body.
The goblin closely misses you.
You closely miss the goblin.
Your transformation is almost over.
The goblin completely misses you.
You hit the goblin. Your kick misses the goblin.
The goblin is severely wounded.
The goblin hits you but does no damage.
You hit the goblin.
You kill the goblin!
The gnoll completely misses you.
Things that are here:
a +0 club; a goblin corpse You hit the gnoll.
Your headbutt misses the gnoll.
The gnoll is lightly wounded.
The gnoll hits you with a +0 whip!
You hit the gnoll. You claw the gnoll. You headbutt the gnoll!
You kill the gnoll!
Your magical contamination has completely faded away.
You closely miss the gnoll. You claw the gnoll. Your headbutt misses the gnoll.
The gnoll is moderately wounded.
The gnoll hits you with a +0 flail! The gnoll misses you.
The gnoll attacks as you move away! The gnoll barely misses you.
Your horns disappear.
Your talons disappear.
Your +0 pair of boots unmelds from your body.
The gnoll attacks as you move away! The gnoll hits you with a +0 flail.
Found a stone staircase leading down.
The gnoll attacks as you move away! The gnoll hits you with a +0 flail!
* * * LOW HITPOINT WARNING * * *
The gnoll attacks as you move away! The gnoll completely misses you.
The gnoll attacks as you move away! The gnoll completely misses you.
The gnoll attacks as you move away! The gnoll hits you with a +0 flail!
* * * LOW HITPOINT WARNING * * *
You open the door. The gnoll hits you with a +0 flail!
You die...

########## #########
#........# #.......#
#$.......####
#.#####.#
+........'@># #.#
#.#
#........##g###.#
#.#
##....$...##g#<..#
#.#
###...†......#g#####
#.# #....g.......#.#
#.# #...g####.)..#.#
#.# #.. #....#.# #.#
# #....#.# #.#
####.#.# #.#


You could see 3 gnolls.

Vanquished Creatures
  A gnoll (D:3)
  2 adders (D:2)
  4 dart slugs
  6 bats
  4 endoplasms
  A giant cockroach (D:2)
  6 goblins
  3 hobgoblins (D:1)
  2 quokkas (D:1)
  5 ball pythons
  3 frilled lizards
  4 kobolds (D:1)
  8 rats
49 creatures vanquished.

Notes
Turn   | Place    | Note
-------+----------+-------------------------------------------
     0 | D:1      | Dabor the Vine Stalker Transmuter began the quest for the
                  | Orb.
     0 | D:1      | Reached XP level 1. HP: 9/9 MP: 4/4
   220 | D:1      | Reached skill level 1 in Fighting
   519 | D:1      | Reached XP level 2. HP: 8/14 MP: 6/6
  1176 | D:1      | Reached XP level 3. HP: 16/18 MP: 5/7
  1226 | D:1      | Found a faded altar of an unknown god.
  1447 | D:1      | Prayed at the altar of an unknown god.
  1447 | D:1      | Became a worshipper of Ashenzari the Shackled
  1454 | D:1      | Fell from the grace of Ashenzari
  2355 | D:2      | Gained mutation: Your natural rate of healing is unusually
                  | fast. [Vine Stalker growth]
  2355 | D:2      | Reached XP level 4. HP: 22/22 MP: 9/9
  2991 | D:3      | Slain by a gnoll

Illustrated notes

Levels and vault maps discovered:
D:1:      dpeg_arrival_arbitrary_a, layout_basic,
          chequers_ecumenical_altar_grove, serial_bayou_lagoon_b
D:2:      layout_loops_corners
D:3:      layout_basic, minivault_24

Skill      XL: |  1  2  3 |
---------------+----------+-----
Fighting       | 1 |  1.7
Dodging        | 2 |  2.1
Unarmed Combat | |  3.5
Spellcasting   | |  2.8
Transmutations | |  2.7

Action                   |  1- 3 |  4- 6 || total
-------------------------+-------+-------++-------
Melee: Unarmed           |   120 |    29 ||   149
       Bite              |    24 |    10 ||    34
       Headbutt          |     3 |     1 ||     4
       Kick              |     2 |     2 ||     4
       Punch             |     1 |       ||     1
 Cast: Beastly Appendage |     5 |     1 ||     6
Invok: Renounce Religion |     1 |       ||     1
 Stab: Sleeping          |     2 |     3 ||     5
Armor: Robe              |    20 |     7 ||    27
Dodge: Dodged            |    75 |    19 ||    94

Table legend: (Time is in decaauts)
 A = Elapsed time spent in this place.
 B = Non-inter-level travel time spent in this place.
 C = Inter-level travel time spent in this place.
 D = Time resting spent in this place.
 E = Time spent auto-exploring this place.
 F = Levels seen in this place.
 G = Mean time per level.
                   A        B        C        D        E       F      G
               +--------+--------+--------+--------+--------+-----+--------+
         Total |   3012 |   2906 |    106 |      0 |   2535 |   3 | 1004.0 |
       Dungeon |   3012 |   2906 |    106 |      0 |   2535 |   3 | 1004.0 |
               +--------+--------+--------+--------+--------+-----+--------+

Top non-repeatable levels by time:
     D:1: 1712 daAuts
     D:2: 1113 daAuts
     D:3: 186 daAuts
